 Dungeon Crawl Stone Soup version 5.7-8-g3a8b389 (webtiles) character file.

90 Sir the Grave Robber (level 5, 0/35 HPs)
             Began as a Jiangshi Necromancer on Sept 13, 2018.
             Slain by a gnoll
             ... wielding a +0 flail
              (7 damage)
             ... on level 3 of the Dungeon.
             The game lasted 00:06:20 (2707 turns).

Sir the Grave Robber (Jiangshi Necromancer)         Turns: 2707, Time: 00:06:21

Health: 0/35       AC:  3 (0%)Str:  7   XL:     5   Next: 75%
Magic:  1/5        EV: 13    Int: 18    God:
Gold:   214        SH:  0    Dex: 15    Spells: 6/10 levels left

rFire    . . .     SeeInvis +   l - +0 dagger (drain)
rCold    + . .     Faith    .   (no shield)
rNeg     + + .     Spirit   .   a - +0 robe
rPois    +         Reflect  .   b - +0 helmet
rElec    .                      (no cloak)
rCorr    .                      (no gloves)
MR       .....                  (no boots)
Stlth    ++++......             (no amulet)
Regen    0.6/turn               (no ring)
MPRegen  0.2/turn               (no ring)

@: regenerating
A: hp from kills, fangs 3, see invisible, cold resistance 1, negative energy
resistance 2, poison resistance, unbreathing, stiff legs 1
a: Hop, End Regeneration


You were on level 3 of the Dungeon.
You were not thirsty.

You visited 1 branch of the dungeon, and saw 3 of its levels.

You collected 214 gold pieces.

Inventory:

Hand Weapons
 f - a +0 dagger
 l - a +0 dagger of draining (weapon)
 o - a +1 dagger of flaming
Missiles
 i - 74 javelins
 p - 83 poisoned darts
 q - 6 frenzy darts (quivered)
Armour
 a - a +0 robe (worn)
 b - a +0 helmet (worn)
 d - a +0 plate armour
Jewellery
 m - a +3 ring of protection
Scrolls
 g - 3 scrolls of enchant weapon
 h - 2 scrolls of enchant armour
 n - 2 scrolls of magic mapping
 r - a scroll of amnesia
Potions
 c - a potion of cancellation
 e - a potion of berserk rage
 j - 2 potions of heal wounds
 k - 3 potions of lignification
 s - a potion of augmentation


   Skills:
 * Level 3.5 Blades
 - Level 2.1 Dodging
 + Level 5.3 Stealth
 + Level 3.7 Hexes
 + Level 6.0 Necromancy


You had 6 spell levels left.
You knew the following spells:

 Your Spells              Type           Power        Failure   Level  Hunger
a - Pain                  Necr           21 (25)      1%          1    N/A
b - Regeneration          Chrm/Necr      10 (200)     19%         3    N/A

Your spell library contained the following spells:

 Spells                   Type           Power        Failure   Level  Hunger
 Animate Dead             Necr           21 (200)     19%         4    N/A
 Control Undead           Necr           21 (200)     19%         4    N/A
 Vampiric Draining        Necr           21 (200)     5%          3    N/A
 Sublimation of Blood     Necr           21 (200)     2%          2    N/A

Dungeon Overview and Level Annotations

Branches:
Dungeon (3/15)

Altars:
Lugonu
Okawaru
Qazlal
Wu Jian


Innate Abilities, Weirdness & Mutations

You sometimes restore health when killing living enemies.
You have razor-sharp teeth.
You have supernaturally acute eyesight. (SInv)
Your flesh is cold resistant. (rC+)
You are quite resistant to negative energy. (rN++)
Your system is resistant to poisons. (rPois)
You can survive without breathing.
You can hop short distances.


Message History

Casting: Pain (safe; 1% risk of failure)
Confirm with . or Enter, or press ? or * to list all spells.
Aiming: Pain (safe; 1% risk of failure)
Press: ? - help, Shift-Dir - straight line, f - gnoll
Aim: a gnoll, wielding a +0 flail (lightly wounded, chance to defeat MR: 86%)
The gnoll writhes in agony (3)!
You hit the gnoll but do no damage.
The gnoll is moderately wounded.
The gnoll hits you with a +0 flail (9)!
* * * LOW HITPOINT WARNING * * *
You hit the gnoll but do no damage.
The gnoll is moderately wounded.
The gnoll misses you.
You completely miss the gnoll.
The gnoll is moderately wounded.
You hit the gnoll but do no damage. You drain the gnoll (1)!
Your bite misses the gnoll.
The gnoll is moderately wounded.
The gnoll hits you with a +0 flail (7)!
You die...

#.....# #.....# #.....#
###.#.# #.#.# ####'#.# #
######## .......# #.##......#
.......## #########.....$...#
........# #...gg@...##......#
........# #.###########'######
####.#..#
#.#######............
#.#..###g#....gg............ #
###......g.g..##.##.########
######.####.#.##.##.##.#######
....#.......#.##.##)##........
...##.#####.#.#.........#
..##...## #.#.#..##.##..######


You could see 2 gnolls.

Vanquished Creatures
  Terence (D:3)
  2 worker ants (D:3)
  Samantha (D:3)
  3 adders (D:2)
  5 gnolls
  3 dart slugs
  3 orcs (D:3)
  3 quokkas
  A giant cockroach (D:3)
  13 goblins
  5 hobgoblins
  A ball python (D:1)
  5 bats
  5 frilled lizards
  12 kobolds
  8 rats
71 creatures vanquished.

Notes
Turn   | Place    | Note
-------+----------+-------------------------------------------
     0 | D:1      | Sir the Jiangshi Necromancer began the quest for the Orb.
     0 | D:1      | Reached XP level 1. HP: 13/13 MP: 2/2
    72 | D:1      | Reached skill level 1 in Hexes
   199 | D:1      | Reached skill level 1 in Blades
   228 | D:1      | Reached XP level 2. HP: 19/19 MP: 4/4
  1338 | D:2      | Reached XP level 3. HP: 2/24 MP: 0/6
  1401 | D:2      | Learned a level 3 spell: Regeneration
  1701 | D:2      | Found a stormy altar of Qazlal.
  1754 | D:2      | Found an ornate altar of the Wu Jian Council.
  1831 | D:2      | Reached XP level 4. HP: 26/30 MP: 0/3
  2112 | D:2      | Found a faded altar of an unknown god.
  2270 | D:3      | Reached XP level 5. HP: 35/35 MP: 5/5
  2273 | D:3      | Noticed Samantha
  2316 | D:3      | Killed Samantha
  2355 | D:3      | Found an iron altar of Okawaru.
  2368 | D:3      | Reached skill level 5 in Stealth
  2466 | D:3      | Found a corrupted altar of Lugonu.
  2646 | D:3      | Noticed Terence
  2650 | D:3      | Killed Terence
  2650 | D:3      | Reached skill level 6 in Necromancy
  2707 | D:3      | Slain by a gnoll

Skill      XL: |  1  2  3  4  5 |
---------------+----------------+-----
Hexes          | 1 2 3 |  3.7
Blades         | 1 2 3 |  3.5
Stealth        | 4 5 |  5.3
Necromancy     | 6 |  6.0
Dodging        | |  2.1

Action                   |  1- 3 |  4- 6 || total
-------------------------+-------+-------++-------
Melee: Unarmed           |    93 |       ||    93
       Bite              |    16 |    11 ||    27
       Dagger            |    90 |   141 ||   231
 Cast: Pain              |    14 |    15 ||    29
       Regeneration      |     1 |       ||     1
 Stab: Sleeping          |    14 |     8 ||    22
Armor: Robe              |    24 |    13 ||    37
       Plate armour      |    20 |       ||    20
Dodge: Dodged            |   130 |    94 ||   224
